Map: Last Fantasy LE

Players

KHOZen - Winner!

  • Race: Protoss Protoss
  • League: Master
  • Spawn Location: 3:00

Sindyr

  • Race: Protoss Protoss
  • League: Master
  • Spawn Location: 7:00

VOD

Have the link to the VOD?

Description

Time

  • Played on: Sept. 17, 2025, 5:12 a.m.
  • Length: 2:30
Show
View Real Time Build Order
Export as new Build Order

KHOZen Protoss - Winner!

Build Orders: Cannon Rush 

Get SALT Encoding   

  12  0:09  Pylon  
  12  0:28  Forge  
  12  0:30  Probe  
  13  1:20  Pylon  
  13  1:34  Pylon  
  13  1:35  Probe  
  14  1:41  Photon Cannon  
  14  1:42  Photon Cannon  
  14  1:43  Photon Cannon  
  14  1:47  Probe  
  15  2:26  Photon Cannon  
Show
View Real Time Build Order
Export as new Build Order

Sindyr Protoss 

Build Orders:  

Get SALT Encoding   

  12  0:01  Probe  
  13  0:13  Probe  
  14  0:20  Pylon  
  14  0:25  Probe  
  15  0:38  Probe  
  15  0:39  Gateway  
  16  0:49  Assimilator  
  16  0:50  Probe  
  17  1:02  Probe, Assimilator  
  18  1:14  Probe  
  19  1:26  Zealot  
  19  1:30  Pylon  
  20  1:35  Forge  
  20  1:37  Probe  
  21  1:47  Zealot  
  21  1:50  Probe  
  24  2:03  Pylon  
  24  2:10  Photon Cannon  
Tags
 
Matchup
PvP
Replay Pack
Multiplayer
Spawn Locations
Cross Positions
Add a new tag
Caveats
  • Supply blocks, unpowered buildings, or Contaminate may cause inaccurate times.
  • Supply counts are checked every 10 seconds.